 Dungeon Crawl Stone Soup version 0.32-a0-918-g0f22ef8d61 (webtiles) character file.

Game seed: 12472445940060695634

5951 Biggs the Grappler (level 10, -3/96 HPs)
             Began as a Troll Fighter on Apr 10, 2024.
             Was a Believer of Wu Jian.
             Slain by Grum
             ... wielding a -2 spear
              (18 damage)
             ... on level 9 of the Dungeon.
             The game lasted 00:20:19 (3499 turns).

Biggs the Grappler (Troll Fighter)                  Turns: 3499, Time: 00:20:20

Health: -3/96      AC:  9    Str: 34    XL:     10   Next: 54%
Magic:  9/9        EV:  8    Int:  6    God:    Wu Jian [**....]
Gold:   496        SH:  7    Dex:  9    Spells: 9/9 levels left

rFire   . .          .
                       - Unarmed
rCold   . . .        b - +0 kite shield
rNeg    . . .        a - +0 robe
rPois   .            (helmet restricted)
rElec   .            u - +0 cloak
rCorr   .            (gloves unavailable)
SInv    .            (boots unavailable)
Will    .....        (no amulet)
Stlth   +            e - +6 ring of strength
HPRegen 1.16/turn    n - +4 ring of protection
MPRegen 0.11/turn

%: no passive effects
@: lethally poisoned (-3 -> -3), about to teleport, weak-willed
A: large, unfitting armour, claws 3, regeneration 1, shaggy fur 1, tough skin 1
a: Renounce Religion, Wall Jump


You were on level 9 of the Dungeon.
You worshipped Wu Jian.
Wu Jian was pleased with you.
You visited 2 branches of the dungeon, and saw 10 of its levels.
You also visited: Ossuary.

You collected 496 gold pieces.

Inventory:

Armour
 a - a +0 robe (worn)
 b - a +0 kite shield (worn)
 u - a +0 cloak (worn)
Jewellery
 e - a +6 ring of strength (left claw)
 f - a ring of wizardry
 n - a +4 ring of protection (right claw)
Wands
 q - a wand of paralysis (23)
 r - a wand of flame (31)
 D - a wand of roots (10)
Scrolls
 j - 4 scrolls of teleportation
 k - 2 scrolls of silence
 m - a scroll of enchant weapon
 w - a scroll of enchant armour
 y - a scroll of fog
 A - a scroll of revelation
 B - a scroll of identify
 C - a scroll of amnesia {unknown}
Potions
 c - 2 potions of might
 d - 4 potions of berserk rage {unknown}
 g - 2 potions of haste {unknown}
 h - 2 potions of mutation {unknown}
 i - 7 potions of curing {unknown}
 l - 4 potions of heal wounds {unknown}
 o - 3 potions of attraction {unknown}
 p - a potion of enlightenment {unknown}
 s - 2 potions of resistance {unknown}
 t - 2 potions of degeneration {unknown}
 v - a potion of ambrosia {unknown}
 x - a potion of cancellation {unknown}
 z - a potion of lignification {unknown}


   Skills:
 - Level 5.0 Fighting
 - Level 2.4 Dodging
 - Level 2.6 Shields
 + Level 14.9 Unarmed Combat


You had 9 spell levels left.
You didn't know any spells.
Your spell library contained the following spells:

 Spells                   Type           Power      Damage    Failure   Level
 Magic Dart               Conj           0%         1d3       65%         1
 Sandblast                Erth           0%         2d4       65%         1
 Summon Small Mammal      Summ           0%         N/A       65%         1
 Blink                    Tloc           0%         N/A       80%         2
 Call Imp                 Summ           0%         N/A       80%         2
 Cigotuvi's Dreadful Rot  Necr/Alch/Air  0%         N/A       80%         2
 Jinxbite                 Hex            0%         N/A       80%         2
 Call Canine Familiar     Summ           0%         N/A       95%         3
 Passwall                 Erth           0%         N/A       95%         3
 Stone Arrow              Conj/Erth      0%         3d7       95%         3
 Volatile Blastmotes      Fire/Tloc      0%         2d10      95%         3
 Brom's Barrelling Bould  Conj/Erth      0%         2d3       100%        4
 Ignite Poison            Fire/Alch      0%         N/A       100%        4
 Summon Blazeheart Golem  Fire/Summ      0%         N/A       100%        4
 Vhi's Electric Charge    Tloc/Air       0%         N/A       100%        4
 Freezing Cloud           Conj/Ice/Air   0%         6-21      100%        5
 Yara's Violent Unravell  Hex/Alch       0%         3d3       100%        5
 Bombard                  Conj/Erth      0%         9d1       100%        6
 Enfeeble                 Hex            0%         N/A       100%        7


Dungeon Overview and Level Annotations

Branches:
Dungeon (9/15)             Temple (1/1) D:6         Ossuary (visited)
   Lair: D:8-11         Orc: D:9-12

Altars:
Ashenzari
Cheibriados
Dithmenos
Elyvilon
Fedhas
Hepliaklqana
Kikubaaqudgha
Makhleb
Nemelex Xobeh
Qazlal
Ru
Sif Muna
Trog
Vehumet
Wu Jian
Xom
Yredelemnul
Zin
The Shining One

Annotations:
D:9 Grum, Psyche
Temple 2 transporters


Innate Abilities, Weirdness & Mutations

You are too large for most types of armour.
You have claws for hands.
Your natural rate of healing is unusually fast.
You are covered in fur. (AC +1)
You have tough skin. (AC +1)


Message History

Psyche gestures wildly while chanting.
Psyche flickers and vanishes!
Deactivating autopickup; reactivate with Ctrl-A.
You block Grum's attack. The water moccasin closely misses you.
You miss the water moccasin.
The water moccasin is moderately wounded.
You block Grum's attack.
The water moccasin bites you but does no damage.
You mangle the water moccasin!!
You kill the water moccasin!
The Council accepts your kill.
Grum hits you from afar with a -2 spear!
The orc priest miscasts a cantrip.
Grum attacks as he pursues you! Grum barely misses you.
You hear some strange, mumbled words.
Something tries to affect you, but you resist.
Something hits you but does no damage.
You are electrocuted!
Grum misses you. Something hits you.
You fall asleep.
Something hits you!
You wake up.
Grum hits you from afar with a -2 spear!
* * * LOW HITPOINT WARNING * * *
Unknown command.
You hear some strange, mumbled words.
A swirling arc of seething chaos appears!
An arc of chaos appears from out of thin air!
The arc of chaos hits you.
You are poisoned.
* * * LOW HITPOINT WARNING * * *
Unknown command.
As you read the scroll of teleportation, it crumbles to dust.
You feel strangely unstable.
You feel sick. Something hits you.
* * * LOW HITPOINT WARNING * * *
Your willpower is stripped away!
Unknown command.
You feel sick. Something hits you.
* * * LOW HITPOINT WARNING * * *
Grum attacks as he pursues you!
Grum hits you from afar with a -2 spear!!
You die...

......#######.#.
#..h.....o....
#.####oo......
#†####... #o#
#.# #g### #.{.#
..#####@# #
#.......#.# #
..#####.#.#..#
#.#.#..#
.######......#
............##
#######†#.###
##.#.# #....#


You could see Grum.

Vanquished Creatures
  A two-headed ogre (D:8)
  A hornet (D:7)
  Prince Ribbit (D:7)
  Sigmund (D:3)
  4 yaks (D:8)
  A wraith (D:7)
  A wyvern (D:9)
  Menkaure (D:7)
  Edmund (D:5)
  An acid dragon (D:6)
  A water moccasin (D:9)
  2 orc warriors
  3 black bears (D:6)
  An ogre (D:5)
  3 ice beasts
  A centaur (D:5)
  A wolf (D:9)
  3 phantoms
  2 elf zombies (Ossuary)
  4 kobold brigands
  2 bullfrogs
  A gnoll sergeant (D:6)
  3 scorpions
  3 wights (D:8)
  4 howler monkeys
  3 bombardier beetles
  6 centaur zombies (Ossuary)
  2 human zombies (Ossuary)
  3 orc priests
  2 hounds
  2 jellies
  Crazy Yiuf (D:6)
  Ijyb (D:3)
  5 iguanas
  2 sleepcaps (D:4)
  7 orc wizards
  A bullfrog simulacrum (Ossuary)
  4 mummies
  6 gnolls
  7 adders
  A white imp (D:8)
  2 dart slugs (D:1)
  21 orcs
  8 ball pythons
  4 bats
  An endoplasm (D:2)
  2 giant cockroaches
  3 goblins
  3 hobgoblins (D:1)
  8 jackals (D:2)
  4 quokkas
  2 frilled lizards
  17 kobolds
  2 rats (D:2)
177 creatures vanquished.

Notes
Turn   | Place    | Note
-------+----------+-------------------------------------------
     0 | D:1      | Biggs the Troll Fighter began the quest for the Orb.
     0 | D:1      | Reached XP level 1. HP: 22/22 MP: 0/0
    64 | D:1      | Reached XP level 2. HP: 29/29 MP: 1/1
   103 | D:1      | Reached skill level 3 in Unarmed Combat
   494 | D:2      | Reached XP level 3. HP: 24/36 MP: 2/2
   637 | D:2      | Reached skill level 4 in Unarmed Combat
   725 | D:2      | Reached XP level 4. HP: 44/44 MP: 3/3
   940 | D:3      | Noticed Sigmund
   951 | D:3      | Killed Sigmund
   952 | D:3      | Reached skill level 6 in Unarmed Combat
   952 | D:3      | Reached XP level 5. HP: 39/50 MP: 4/4
   980 | D:3      | Reached XP level 6. HP: 52/59 MP: 5/5
   998 | D:3      | Noticed Ijyb
  1003 | D:3      | Killed Ijyb
  1153 | D:4      | Reached skill level 7 in Unarmed Combat
  1315 | D:5      | Entered Level 5 of the Dungeon
  1326 | D:5      | Reached XP level 7. HP: 58/66 MP: 6/6
  1328 | D:5      | Reached skill level 8 in Unarmed Combat
  1617 | D:5      | Noticed Edmund
  1624 | D:5      | Killed Edmund
  1625 | D:5      | Reached skill level 9 in Unarmed Combat
  1661 | D:5      | Reached XP level 8. HP: 75/75 MP: 7/7
  1735 | D:5      | Reached skill level 5 in Fighting
  1874 | D:6      | Found a staircase to the Ecumenical Temple.
  1887 | Temple   | Found a transporter.
  1887 | Temple   | Found a transporter.
  1887 | Temple   | Found a transporter.
  1887 | Temple   | Found a transporter.
  1887 | Temple   | Entered the Ecumenical Temple
  1902 | Temple   | Became a worshipper of the Wu Jian Council
  1963 | D:6      | Identified the +5 long sword "Quiss" {protect, rN+ Int+6}
  1984 | D:6      | Found a runed translucent door.
  1985 | D:6      | Noticed Crazy Yiuf
  1989 | D:6      | Killed Crazy Yiuf
  2095 | D:6      | Reached skill level 10 in Unarmed Combat
  2174 | D:6      | Reached XP level 9. HP: 75/88 MP: 8/8
  2200 | D:6      | Reached * piety under Wu Jian
  2201 | D:6      | Reached skill level 11 in Unarmed Combat
  2296 | D:6      | Found a sand-covered staircase.
  2304 | Ossuary  | Entered an ossuary
  2424 | Ossuary  | Reached skill level 12 in Unarmed Combat
  2673 | D:7      | Noticed Prince Ribbit
  2677 | D:7      | Killed Prince Ribbit
  2759 | D:7      | Found a shimmering blue altar of Sif Muna.
  2825 | D:7      | Reached skill level 13 in Unarmed Combat
  2857 | D:7      | Noticed Menkaure
  2865 | D:7      | Killed Menkaure
  2965 | D:8      | Reached ** piety under Wu Jian
  2966 | D:8      | Reached XP level 10. HP: 92/96 MP: 9/9
  2997 | D:8      | Found a sparkling altar of Nemelex Xobeh.
  3086 | D:8      | Noticed a two-headed ogre
  3090 | D:8      | Killed a two-headed ogre
  3091 | D:8      | Reached skill level 14 in Unarmed Combat
  3480 | D:9      | Noticed Grum
  3482 | D:9      | Noticed Psyche
  3499 | D:9      | Slain by Grum

Illustrated notes

Levels and vault maps discovered:
D:1:      spicycebolla_green_bress_n_ham, layout_basic, minmay_pentomino_u2
D:2:      layout_basic
D:3:      layout_basic, uniq_sigmund, uniq_ijyb
D:4:      minmay_diamond_boxcup, layout_basic, mainiacjoe_overflow_alcove_1,
          grunt_decor_arrowhead
D:5:      layout_layer_cave, grunt_ministairs_6, kennysheep_pointless_box,
          minmay_fractal_squares_5, uniq_edmund
D:6:      layout_gridville, minmay_temple_entry_large_hall,
          nicolae_ossuary_entry_giza, minmay_bent, uniq_crazy_yiuf_cottage,
          uniq_pikel
D:7:      layout_loops_cross, mainiacjoe_overflow_cross_hatched,
          uniq_prince_ribbit1, uniq_menkaure
D:8:      layout_basic, mainiacjoe_overflow_alcove_4
D:9:      layout_loops_ring, mainiacjoe_overflow_two_lobes, special_room
          [special_room_bee], uniq_psyche, uniq_grum
Temple:   hellmonk_temple_divided_pantheon

Skill      XL: |  1  2  3  4  5  6  7  8  9 10 |
---------------+-------------------------------+-----
Unarmed Combat | 3 4 6 7 9 10 13 14 | 14.9
Fighting       | 3 5 |  5.0
Dodging        | |  2.4
Shields        | |  2.6

Action                     |  1- 3 |  4- 6 |  7- 9 | 10-12 || total
---------------------------+-------+-------+-------+-------++-------
  Melee: Unarmed           |    91 |    57 |   250 |    94 ||   492
Ability: Lunge             |       |       |    12 |    12 ||    24
         Whirlwind         |       |       |     1 |    11 ||    12
    Use: Scroll            |       |       |     4 |     3 ||     7
   Stab: Sleeping          |     1 |       |       |       ||     1
 Armour: Robe              |    60 |    46 |   141 |    49 ||   296
  Dodge: Dodged            |    31 |    25 |    64 |    25 ||   145
  Block: Kite shield       |    47 |    16 |    64 |    19 ||   146

Table legend: (Time is in decaauts)
 A = Elapsed time spent in this place.
 B = Non-inter-level travel time spent in this place.
 C = Inter-level travel time spent in this place.
 D = Time resting spent in this place.
 E = Time spent auto-exploring this place.
 F = Levels seen in this place.
 G = Mean time per level.
                   A        B        C        D        E       F      G
               +--------+--------+--------+--------+--------+-----+--------+
         Total |   3468 |   3269 |    199 |      0 |      0 |  11 |  315.3 |
       Dungeon |   3302 |   3116 |    186 |      0 |      0 |   9 |  366.9 |
        Temple |     40 |     27 |     13 |      0 |      0 |   1 |   40.0 |
       Ossuary |    126 |    126 |      0 |      0 |      0 |   1 |  126.0 |
               +--------+--------+--------+--------+--------+-----+--------+

Top non-repeatable levels by time:
     D:6: 544 daAuts
     D:5: 530 daAuts
     D:8: 469 daAuts
     D:1: 426 daAuts
     D:2: 349 daAuts
     D:3: 336 daAuts
     D:7: 321 daAuts
     D:4: 203 daAuts
 Ossuary: 126 daAuts
     D:9: 121 daAuts
  Temple: 40 daAuts
